 Dungeon Crawl Stone Soup version 0.30-a0-250-g41c1d76940 (webtiles) character file.

Game seed: 4439407160049060942

3607 ytrimaz the Cleaver (level 10, 0/69 HPs)
             Began as a Djinni Fighter on Oct 12, 2022.
             Was a Believer of Ashenzari.
             Slain by an orc knight
             ... wielding a +0 war axe
              (17 damage)
             ... in a bailey.
             The game lasted 00:13:30 (8688 turns).

ytrimaz the Cleaver (Djinni Fighter)                Turns: 8688, Time: 00:13:31

Health: 0/69       AC: 24    Str: 10    XL:     10   Next: 32%
Gold:   164        EV:  5    Int: 15    God:    Ashenzari [**....] SH:  5 Dex: 12

rFire   + + +      SeeInvis +    I - +1 hand axe (venom)
rCold   + + +      Faith    .    c - +0 buckler of Ashenzari's Adversity {Fort, Melee} (curse)
rNeg    . . .      Spirit   .    B - +8 chain mail "Vuss" {rF+ rC+++ Str-5 Slay-4}
rPois   ∞          Reflect  .    k - +1 helmet
rElec   .          Harm     .    G - scarf {rC+ rF+}
rCorr   .          Rampage  .    s - +0 pair of gloves
Will    +....                    (boots unavailable)
Stlth   ..........               (no amulet)
HPRegen 0.31/turn                p - ring of Toth-Mos's Legacy {rC+, Evo, Self} (curse)
MPRegen 0.00/turn                C - ring of Ashenzari's Oracle {rF+, Range, Self} (curse)

@: flying, studying Axes
A: sickness immunity, fire resistance 2, cold vulnerability 1, float, innate
caster, HP casting, extra vitality 1
a: Renounce Religion, Curse Item, Shatter the Chains


You were in a bailey.
You worshipped Ashenzari.
Ashenzari was pleased with you.
You visited 2 branches of the dungeon, and saw 9 of its levels.
You also visited: Sewer, Ossuary and Bailey.

You collected 355 gold pieces.
You spent 191 gold pieces at shops.


Innate Abilities, Weirdness & Mutations

You are immune to sickness and miasma.
You are immune to poison.
Your flesh is very heat resistant. (rF++)
You are vulnerable to cold. (rC-)
You float through the air rather than walking.
You learn spells naturally, not from books.
Your magical power is your life essence.
You have superior vitality. (+4 MHP)


   Skills:
 - Level 3.0(4.6) Fighting
 + Level 11.4(12.6) Axes
 + Level 10.5(11.7) Armour
 - Level 3.0(4.1) Shields


You couldn't memorise any spells.
You knew the following spells:

 Your Spells              Type           Power      Damage    Failure   Level
a - Apportation           Tloc           0%         N/A       100%        1
b - Blink                 Tloc           0%         N/A       100%        2
c - Poisonous Vapours     Pois/Air       0%         N/A       100%        2
d - Flame Wave            Conj/Fire      0%         2d4       100%        4
Your spell library was empty.

Inventory:

Hand Weapons
 a - a +1 war axe
 F - a +2 hand axe of flaming
   (You bought it in a shop on level 7 of the Dungeon)
 I - a +1 hand axe of venom (weapon)
   (You took it off an orc priest on level 8 of the Dungeon)
Armour
 c - the cursed +0 buckler of Ashenzari's Adversity (worn) {Fort, Melee}

   It has a curse which improves the following skills: Fortitude: Armour and
   Shields.
   Melee Combat: Short Blades, Long Blades, Axes, Maces & Flails, Polearms,
   Staves and Unarmed Combat.
 k - a +1 helmet (worn)
   (You found it on level 2 of the Dungeon)
 s - a +0 pair of gloves (worn)
   (You found it on level 3 of the Dungeon)
 w - a +3 chain mail of willpower
   (You took it off Ijyb on level 5 of the Dungeon)
 B - the +8 chain mail "Vuss" (worn) {rF+ rC+++ Str-5 Slay-4}
   (You took it off an orc warrior on level 7 of the Dungeon)

   Str:       It affects your strength (-5).
   Slay:      It affects your accuracy & damage with ranged weapons and melee
   (-4).
   rF:        It protects you from fire.
   rC:        It renders you almost immune to cold.
 G - a scarf of resistance (worn)
   (You found it on level 7 of the Dungeon)
Jewellery
 p - the cursed ring of Toth-Mos's Legacy (left hand) {rC+, Evo, Self}
   (You found it on level 3 of the Dungeon)

   [ring of protection from cold]

   rC:        It protects you from cold.
   It has a curse which improves the following skills: Evocations: Evocations.
   Introspection: Fighting and Spellcasting.
 A - a ring of ice
   (You found it on level 6 of the Dungeon)
 C - the cursed ring of Ashenzari's Oracle (right hand) {rF+, Range, Self}
   (You found it on level 7 of the Dungeon)

   [ring of protection from fire]

   rF:        It protects you from fire.
   It has a curse which improves the following skills: Ranged Combat: Ranged
   Weapons and Throwing.
   Introspection: Fighting and Spellcasting.
Wands
 u - a wand of iceblast (10) (quivered)
   (You took it off Ijyb on level 5 of the Dungeon)
 H - a wand of charming (7)
   (You found it on level 8 of the Dungeon)
Scrolls
 g - a scroll of summoning
 i - 3 scrolls of butterflies
 l - a scroll of immolation
 q - 4 scrolls of teleportation
 r - 3 scrolls of enchant weapon
 y - a scroll of fear
 z - a scroll of enchant armour
 D - a scroll of silence
Potions
 b - a potion of ambrosia
 d - a potion of invisibility
 e - 2 potions of lignification
 f - a potion of cancellation
 h - 4 potions of brilliance
 j - 3 potions of haste
 m - a potion of mutation
 o - 2 potions of attraction
 t - 2 potions of flight
 x - a potion of might
 E - a potion of curing

Dungeon Overview and Level Annotations

Branches:
Dungeon (8/15) Zot: 26524  Temple (1/1) D:5 Zot: 5884    Lair (0/5) D:8
  Sewer (visited)         Ossuary (visited)          Bailey (1/1) Zot: 5275

Altars:
Ashenzari
Cheibriados
Dithmenos
Elyvilon
Fedhas
Gozag
Hepliaklqana
Makhleb
Nemelex Xobeh
Okawaru
Qazlal
Ru
Trog
Uskayaw
Wu Jian
Xom
Yredelemnul
Zin
The Shining One

Shops:
D:3 ( D:7

( ...?~#....##....♣
.8.8##....#.....♣♣
....#....)'......♣
....#....)'...∩.∩♣
,...o#...((K).....♣
.8.8##...)#.....♣♣
...!~#...)##..).♣
,...= #...K.##()o♣
~#~~~##(.....##≈@♣
######........#≈≈♣
g..')...8..8..#≈≈♣
~~~#o.........#≈≈♣
~~~#.........##≈≈♣
~~~##...8...##≈≈≈♣
....##.....##≈≈≈♣♣
.....##...##≈≈≈♣♣
...♣♣♣#####≈≈≈♣♣


You could see an orc knight (extremely poisoned) and a kobold.


Message History

Unknown command.
Unknown command.
The orc knight hits you but does no damage.
You closely miss the orc knight. The orc knight barely misses you.
Unknown command.
You hit the orc knight but do no damage.
The orc knight is poisoned.
The orc knight hits you but does no damage. 😕 HP[+1]
You closely miss the orc knight.
The orc knight hits you but does no damage.
Unknown command.
You hit the orc knight.
The orc knight looks as sick as possible!
You closely miss the orc knight.
The orc knight hits you with a +0 war axe!
Unknown command. 😮 HP[-16]
You take 16 damage, and now have 43/69 hp.
MASSIVE DAMAGE!! (PAUSE)
You hit the orc knight but do no damage.
The orc knight looks as sick as possible!
The orc knight barely misses you. 😮 HP[+1]
You hit the orc knight but do no damage.
The orc knight looks as sick as possible!
The orc knight hits you with a +0 war axe! 😮 HP[-7]
You take 7 damage, and now have 37/69 hp.
Unknown command.
The orc knight attacks as you move away!
The orc knight hits you with a +0 war axe.
* * * LOW HITPOINT WARNING * * *
😨 HP[-3]
You take 3 damage, and now have 34/69 hp.
Unknown command.
Aiming: Iceblast
Press: ? - help, Q - select action, (/) - cycle Shift-Dir - straight line, f - orc knight
Aim: an orc knight, wielding a +0 war axe and wearing a +0 plate armour (lightly wounded, extremely poisoned)
The mass of ice explodes!
The iceblast engulfs the orc knight!
You hear a shout!
Unknown command. 😮 HP[+1]
Aiming: Iceblast
Press: ? - help, Q - select action, (/) - cycle Shift-Dir - straight line, f/p - orc knight
Aim: an orc knight, wielding a +0 war axe and wearing a +0 plate armour (moderately wounded, extremely poisoned)
The mass of ice explodes!
The iceblast engulfs the orc knight but does no damage.
Unknown command. 😮 HP[+1]
An orc knight is nearby!
An orc knight is nearby! 😮 HP[+1] 😮 HP[+1] 😮 HP[+1]
The goblin hits you but does no damage.
The orc knight hits you but does no damage. 😮 HP[+1]
You block the goblin's attack.
You hit the orc knight but do no damage.
You miss the goblin. The goblin hits you but does no damage.
You hit the orc knight but do no damage.
The orc knight looks as sick as possible!
You hit the goblin but do no damage.
The goblin is poisoned.
The orc knight hits you with a +0 war axe.
The goblin closely misses you. 😮 HP[-1]
You take 1 damage, and now have 39/69 hp.
Unknown command.
You closely miss the orc knight. You barely miss the goblin.
The orc knight hits you but does no damage. 😮 HP[+1]
You hit the orc knight but do no damage.
The orc knight looks as sick as possible!
You hit the goblin but do no damage.
The goblin looks as sick as possible!
The goblin hits you with a +0 war axe.
The orc knight hits you but does no damage. 😮 HP[-2]
You take 2 damage, and now have 38/69 hp.
Unknown command.
You hit the orc knight but do no damage.
You closely miss the goblin.
You kill the goblin!
You hit the orc knight but do no damage.
The orc knight looks as sick as possible!
The orc knight hits you with a +0 war axe!
* * * LOW HITPOINT WARNING * * *
😨 HP[-9]
You take 9 damage, and now have 29/69 hp.
Unknown command. 😨 HP[+1]
The kobold throws a boomerang.
The boomerang barely misses you.
The orc knight hits you with a +0 war axe!
* * * LOW HITPOINT WARNING * * *
😱 HP[-13]
You take 13 damage, and now have 17/69 hp.
You hit the orc knight but do no damage.
The orc knight looks as sick as possible!
The orc knight hits you with a +0 war axe!
You die...

Skill      XL: |  1  2  3  4  5  6  7  8  9 10 |
---------------+-------------------------------+-----
Axes           | 2 3 4 7 8 10 11 | 11.4
Armour         | 5 7 8 10 | 10.5
Fighting       | |  3.0
Shields        | |  3.0

Action                   |  1- 3 |  4- 6 |  7- 9 | 10-12 || total
-------------------------+-------+-------+-------+-------++-------
Melee: War axe           |    81 |   152 |   450 |       ||   683
       Hand axe          |       |       |       |   176 ||   176
Invok: Curse Item        |       |       |     3 |       ||     3
Evoke: Wand              |       |       |     3 |     7 ||    10
  Use: Scroll            |     3 |     6 |     9 |       ||    18
       Potion            |       |     2 |     5 |     2 ||     9
 Stab: Invisible         |       |       |     1 |       ||     1
Armor: Scale mail        |    51 |   104 |    64 |       ||   219
       Chain mail        |       |       |   202 |   142 ||   344
Dodge: Dodged            |    30 |    72 |   115 |    62 ||   279
Block: Buckler           |    17 |    39 |    95 |    48 ||   199

Levels and vault maps discovered:
D:1:      minmay_arrival_checkered_box, layout_basic, minmay_misc_feat_chi,
          minmay_misc_feat_more_columns
D:2:      minmay_recursive_quarters, layout_rooms, uniq_sigmund
D:3:      layout_basic, chequers_temple_overflow_minitemple, slow_altar_1,
          serial_shops, nicolae_shop_bloodbath_and_beyond, uniq_jessica
D:4:      layout_cave_pools, serial_forest, infiniplex_forest_zigzag_2,
          infiniplex_forest_straight_5, infiniplex_forest_lined_1,
          infiniplex_forest_side_room, infiniplex_forest_clump_curved,
          portal_sewer_entry_a
D:5:      layout_basic, nicolae_kikubaaqudgha_miasma_corner,
          minmay_temple_entry_offerings, uniq_pikel, uniq_menkaure, uniq_ijyb
D:6:      layout_basic, enter_ossuary_4
D:7:      layout_loops_ring, biasface_ghost_orc_armoury, doesnt_shop_hydraphobe
D:8:      layout_loops_cross, lair_entry_dummy, enter_bailey_3
Temple:   lightli_temple_of_artemis
Bailey:   bailey_axe_bossmonster_kennysheep, bailey

Notes
Turn   | Place    | Note
-------+----------+-------------------------------------------
     0 | D:1      | ytrimaz the Djinni Fighter began the quest for the Orb.
     0 | D:1      | Reached XP level 1. HP: 20/20 MP: 0/0
     0 | D:1      | magus.rc [v1.9.6]
    96 | D:1      | Reached XP level 2. HP: 20/25 MP: 0/0
   263 | D:1      | Reached skill level 2 in Axes
   581 | D:1      | Reached XP level 3. HP: 24/30 MP: 0/0
   581 | D:1      | Learned a level 1 spell: Apportation
   838 | D:2      | Reached XP level 4. HP: 29/35 MP: 0/0
   960 | D:2      | Noticed Sigmund
   968 | D:2      | Killed Sigmund
   969 | D:2      | Reached skill level 3 in Axes
   969 | D:2      | Reached skill level 5 in Armour
   969 | D:2      | Reached XP level 5. HP: 40/40 MP: 0/0
   969 | D:2      | Learned a level 2 spell: Blink
   969 | D:2      | Reached XP level 6. HP: 46/46 MP: 0/0
  1592 | D:3      | Found a snail-covered altar of Cheibriados.
  1623 | D:3      | Found Hixkaf's Weapon Shop.
  1627 | D:3      | Noticed Jessica
  1631 | D:3      | Killed Jessica
  1718 | D:3      | Reached skill level 4 in Axes
  1820 | D:3      | Identified a scroll of acquirement
  1893 | D:3      | Acquired a manual of Axes
  2392 | D:3      | Found a blossoming altar of Fedhas.
  2392 | D:3      | Found an iron altar of Okawaru.
  2416 | D:3      | Found an opulent altar of Gozag.
  2418 | D:3      | Found a sacrificial altar of Ru.
  2420 | D:3      | Found a faded altar of an unknown god.
  2481 | D:3      | HP: 9/46 [gnoll/+0 flail[a gnoll bouda] (7)]
  2817 | D:4      | Reached XP level 7. HP: 44/50 MP: 0/0
  2817 | D:4      | Learned a level 2 spell: Poisonous Vapours
  2863 | D:4      | Found a glowing drain.
  2892 | Sewer    | Entered a sewer
  2971 | Sewer    | Noticed a water moccasin
  2986 | Sewer    | Killed a water moccasin
  2987 | Sewer    | Reached skill level 5 in Axes
  2987 | Sewer    | Reached skill level 6 in Armour
  3766 | D:5      | Entered Level 5 of the Dungeon
  3795 | D:5      | Noticed Pikel
  3807 | D:5      | HP: 10/50 [Pikel/+2 whip of freezing (3)]
  3808 | D:5      | HP: 3/50 [Pikel/+2 whip of freezing (7)]
  3809 | D:5      | Killed Pikel
  3810 | D:5      | Reached skill level 7 in Axes
  3810 | D:5      | Reached skill level 7 in Armour
  3810 | D:5      | Reached XP level 8. HP: 2/56 MP: 0/0
  4009 | D:5      | Noticed Ijyb
  4032 | D:5      | Killed Ijyb
  4108 | D:5      | Found a staircase to the Ecumenical Temple.
  4118 | Temple   | Entered the Ecumenical Temple
  4213 | Temple   | Became a worshipper of Ashenzari the Shackled
  4565 | D:5      | Reached skill level 8 in Axes
  4565 | D:5      | Reached skill level 8 in Armour
  4565 | D:5      | Reached XP level 9. HP: 58/60 MP: 0/0
  4565 | D:5      | Learned a level 4 spell: Flame Wave
  4620 | D:5      | Noticed Menkaure
  4633 | D:5      | Killed Menkaure
  4988 | D:6      | Found a sand-covered staircase.
  5009 | Ossuary  | Entered an ossuary
  5360 | Ossuary  | HP: 5/61 [mummy (13)]
  5803 | D:6      | Reached * piety under Ashenzari
  6106 | D:6      | Reached skill level 9 in Axes
  6502 | D:7      | Identified the Codex of Scorched Vapour
  6642 | D:7      | Reached ** piety under Ashenzari
  6816 | D:7      | Found a runed translucent gate.
  6819 | D:7      | Found Homnapria's Hydra Hut.
  6823 | D:7      | Noticed a four-headed hydra
  6827 | D:7      | Bought a +2 hand axe of flaming for 191 gold pieces
  7015 | D:7      | Found a runed translucent gate.
  7015 | D:7      | Found a runed translucent gate.
  7016 | D:7      | Noticed glaedl's ghost (novice DsNe)
  7016 | D:7      | Identified the +8 chain mail "Vuss" {rF+ rC+++ Str-5
                  | Slay-4}
  7121 | D:7      | Reached skill level 9 in Armour
  7127 | D:7      | HP: 20/94 [glaedl's ghost (7)]
  7129 | D:7      | Killed glaedl's ghost
  7130 | D:7      | Reached skill level 10 in Axes
  7492 | D:8      | Noticed a hornet
  7544 | D:8      | Noticed a white ugly thing
  7598 | D:8      | Killed a white ugly thing
  7599 | D:8      | Reached skill level 10 in Armour
  7599 | D:8      | Reached XP level 10. HP: 27/69 MP: 0/0
  7836 | D:8      | Reached skill level 11 in Axes
  7926 | D:8      | HP: 13/69 [hornet (8)]
  7938 | D:8      | Found a flagged portal.
  7943 | Bailey   | Entered a bailey
  7950 | Bailey   | Noticed an orc warlord
  7950 | Bailey   | Identified a potion of experience
  8000 | Bailey   | Noticed an orc knight
  8042 | Bailey   | HP: 6/69 [orc warrior/+0 war axe (21)]
  8392 | Bailey   | HP: 15/69 [orc warrior/+0 war axe (10)]
  8687 | Bailey   | HP: 17/69 [orc knight/+0 war axe (14)]
  8688 | Bailey   | Slain by an orc knight

Vanquished Creatures
  The ghost of glaedl the Reanimator, a novice DsNe of Yredelemnul (D:7)
  Pikel (D:5)
  An ugly thing (D:8)
  A hornet (D:8)
  Sigmund (D:2)
  Menkaure (D:5)
  A water moccasin (Sewer)
  An ice beast (D:5)
  4 orc warriors
  A black bear (D:5)
  An ogre (D:5)
  A lemure (D:5)
  A necrophage (D:4)
  2 scorpions (D:6)
  A jelly (D:7)
  2 gnoll boudas
  4 orc priests
  3 hounds
  Jessica (D:3)
  Ijyb (D:5)
  3 orc wizards
  4 mummies (Ossuary)
  8 gnolls
  A river rat (D:4)
  8 adders
  2 white imps
  An ufetubus (D:5)
  5 worms
  3 dart slugs
  31 orcs
  9 bats
  5 endoplasms
  4 giant cockroaches
  4 gnoll zombies (Ossuary)
  8 hobgoblins
  6 jackals
  20 kobolds
  6 quokkas
  10 ball pythons
  A frilled lizard (D:1)
  5 gnoll skeletons (Ossuary)
  13 goblins
  A goblin skeleton (Ossuary)
  6 goblin zombies (Ossuary)
  5 hobgoblin skeletons (Ossuary)
  7 hobgoblin zombies (Ossuary)
  2 kobold skeletons (Ossuary)
  3 kobold zombies (Ossuary)
  8 orc skeletons (Ossuary)
  5 orc zombies (Ossuary)
  2 quokka zombies (D:6)
  9 rats
  4 rat skeletons (Ossuary)
239 creatures vanquished.

Vanquished Creatures (others)
  A plant (D:7)
1 creature vanquished.

Grand Total: 240 creatures vanquished

Table legend:
 A = Non-vault XP
 B = Vault XP
 C = Vault XP percentage of total XP
 D = Non-vault monster count
 E = Vault monster count
 F = Vault count percentage of total count
                 A         B        C        D         E       F
            +---------+---------+-------+---------+---------+-------
      Total |    2399 |    2754 |  53.4 |     124 |     114 |  47.9
            +---------+---------+-------+---------+---------+-------
        D:1 |      40 |       0 |   0.0 |      24 |       0 |   0.0
        D:2 |     111 |     271 |  70.9 |      19 |      10 |  34.5
        D:3 |      54 |      42 |  43.8 |      19 |       2 |   9.5
        D:4 |     197 |      24 |  10.9 |      14 |       6 |  30.0
        D:5 |     459 |     866 |  65.4 |      11 |       3 |  21.4
        D:6 |     258 |       2 |   0.8 |      11 |       2 |  15.4
        D:7 |     145 |    1080 |  88.2 |      11 |      11 |  50.0
        D:8 |    1135 |       8 |   0.7 |      15 |       4 |  21.1
      Sewer |       0 |     142 | 100.0 |       0 |       2 | 100.0
    Ossuary |       0 |     129 | 100.0 |       0 |      54 | 100.0
     Bailey |       0 |     190 | 100.0 |       0 |      20 | 100.0
            +---------+---------+-------+---------+---------+-------

Illustrated notes

Table legend:
 A = Kills in this place as a percentage of kills in entire the game.
 B = Kills by you in this place as a percentage of kills by you in the entire game.
 C = Kills by friends in this place as a percentage of kills by friends in the entire game.
 D = Other kills in this place as a percentage of other kills in the entire game.
 E = Experience gained in this place as a percentage of experience gained in the entire game.
 F = Experience gained in this place divided by the number of levels of this place that you have seen.
                   A       B       C       D       E      F
               +-------+-------+-------+-------+-------+----------------------
         Total | 100.0 | 100.0 |   N/A |   N/A | 100.0 | 429.4
       Dungeon |  68.1 |  68.1 |   N/A |   N/A |  91.1 | 586.5
         Sewer |   0.8 |   0.8 |   N/A |   N/A |   2.8 | 142.0
       Ossuary |  22.7 |  22.7 |   N/A |   N/A |   2.5 | 129.0
        Bailey |   8.4 |   8.4 |   N/A |   N/A |   3.7 | 190.0
               +-------+-------+-------+-------+-------+----------------------

Table legend: (Time is in decaauts)
 A = Elapsed time spent in this place.
 B = Non-inter-level travel time spent in this place.
 C = Inter-level travel time spent in this place.
 D = Time resting spent in this place.
 E = Time spent auto-exploring this place.
 F = Levels seen in this place.
 G = Mean time per level.
                   A        B        C        D        E       F      G
               +--------+--------+--------+--------+--------+-----+--------+
         Total |   8800 |   8571 |    229 |   1389 |   4983 |  12 |  733.3 |
       Dungeon |   7121 |   6916 |    205 |    685 |   4616 |   8 |  890.1 |
        Temple |    115 |     91 |     24 |      0 |     84 |   1 |  115.0 |
         Sewer |    254 |    254 |      0 |      0 |    200 |   1 |  254.0 |
       Ossuary |    585 |    585 |      0 |    172 |     70 |   1 |  585.0 |
        Bailey |    723 |    723 |      0 |    532 |     13 |   1 |  723.0 |
               +--------+--------+--------+--------+--------+-----+--------+

Top non-repeatable levels by time:
     D:7: 1112 daAuts
     D:3: 1071 daAuts
     D:5: 1048 daAuts
     D:2: 991 daAuts
     D:6: 889 daAuts
     D:1: 839 daAuts
     D:4: 730 daAuts
  Bailey: 723 daAuts
 Ossuary: 585 daAuts
     D:8: 438 daAuts
   Sewer: 254 daAuts
  Temple: 115 daAuts
